 Dungeon Crawl Stone Soup version 0.23.1 (webtiles) character file.

Game seed: 6106059162593615214

844 FunkyPutin the Cudgeler (level 8, -8/48 HPs)
             Began as a Gargoyle Fighter on Mar 4, 2019.
             Mangled by an ogre
             ... wielding a +0 giant club
              (21 damage)
             ... on level 5 of the Dungeon.
             The game lasted 00:15:23 (4125 turns).

FunkyPutin the Cudgeler (Gargoyle Fighter)          Turns: 4125, Time: 00:15:24

Health: -8/48      AC: 17    Str: 24      XL:     8   Next: 0%
Magic:  8/8        EV:  5    Int:  9      God:
Gold:   517        SH:  9    Dex:  4 (9)  Spells: 7/7 levels left

rFire    . . .     SeeInvis .   j - +2 mace (crush)
rCold    . . .     Gourm    .   c - +0 shield
rNeg     + . .     Faith    .   o - +0 plate armour
rPois    ∞         Spirit   .   (no helmet)
rElec    +         Reflect  .   (no cloak)
rCorr    .         Harm     .   (no gloves)
MR       .....                  (no boots)
Stlth    ..........             (no amulet)
HPRegen  0.16/turn              i - ring of wizardry
MPRegen  0.11/turn              n - +2 ring of strength

@: no status effects
A: negative energy resistance 1, electricity resistance, unbreathing,
petrification resistance, rot immunity, AC +5
a: no special abilities


You were on level 5 of the Dungeon.
You were hungry.

You visited 1 branch of the dungeon, and saw 5 of its levels.
You also visited: Sewer and Ossuary.

You collected 517 gold pieces.

Inventory:

Hand Weapons
 j - a +2 mace of crushing (weapon)
Armour
 c - a +0 shield (worn)
 o - a +0 plate armour (worn)
Jewellery
 i - a ring of wizardry (left hand)
 n - a +2 ring of strength (right hand)
 s - an uncursed ring of fire
Scrolls
 b - a scroll of immolation {unknown}
 g - 4 scrolls of remove curse
 k - 4 scrolls of amnesia
 p - a scroll of enchant armour {unknown}
 q - a scroll of magic mapping {unknown}
 y - 2 scrolls of teleportation
Potions
 a - a potion of resistance {unknown}
 d - 2 potions of might
 h - 4 potions of heal wounds
 l - 3 potions of haste
 m - 3 potions of lignification {unknown}
 r - 3 potions of brilliance
 u - 4 potions of curing {unknown}
 v - 4 potions of flight {unknown}
 w - a potion of magic {unknown}
 x - 2 potions of agility {unknown}
Comestibles
 f - 11 rations


   Skills:
 + Level 4.3 Fighting
 * Level 7.0 Maces & Flails
 + Level 4.7 Armour
 + Level 5.2 Shields


You had 7 spell levels left.
You didn't know any spells.
Your spell library was empty.

Dungeon Overview and Level Annotations

Branches:
Dungeon (5/15)
 Temple: D:4-7

Altars:
Ashenzari
Trog


Innate Abilities, Weirdness & Mutations

You are resistant to torment.
Your stone body is resilient. (AC +5)
You are immune to poison.
You resist negative energy. (rN+)
You are resistant to electric shocks. (rElec)
You can survive without breathing.
You are immune to petrification.
You are immune to rotting.


Message History

The ogre hits you with a +0 giant club.
* * * LOW HITPOINT WARNING * * *
You hit the ogre.
The ogre is severely wounded.
The centaur hits you.
* * * LOW HITPOINT WARNING * * *
You barely miss the ogre.
The ogre is severely wounded.
The centaur hits you but does no damage.
The ogre barely misses you.
The centaur hits you but does no damage.
You hit the ogre.
The ogre is severely wounded.
The centaur barely misses you. You block the ogre's attack.
You hit the ogre.
The ogre is almost dead.
The centaur hits you but does no damage.
You block the centaur's attack.
The ogre hits you with a +0 giant club!!
You die...

.....#. # .. .......
.# ... .......
#.##... .......
...... . .......
###........ .......
#...#.#....
......!###.##c$.....
.......(.(.O@.#
...........####.#.
...............>..
<......##...###..
..........#..#
###### #.
.......#####.#
.....##... ......#
#.# ##.........
...... #.#
#..........
#.#####..........


You could see an ogre and a centaur.

Vanquished Creatures
  Grinder (D:4)
  Purgy (Sewer)
  An ogre (D:4)
  A scorpion (D:4)
  A quasit (D:5)
  2 hounds (D:4)
  A worker ant (D:4)
  An orc wizard (D:3)
  8 mummies (Ossuary)
  5 adders
  An ooze (D:2)
  5 worms
  2 dart slugs
  7 leopard geckos
  8 orcs
  2 ball pythons
  2 giant cockroaches (D:2)
  9 goblins
  5 hobgoblins
  2 jackals (D:3)
  5 kobolds
  A quokka (D:4)
  14 bats
  5 frilled lizards
  4 gnoll zombies (Ossuary)
  2 hobgoblin zombies (Ossuary)
  A kobold zombie (Ossuary)
  An orc zombie (Ossuary)
  7 rats
105 creatures vanquished.

Notes
Turn   | Place    | Note
-------+----------+-------------------------------------------
     0 | D:1      | FunkyPutin the Gargoyle Fighter began the quest for the
                  | Orb.
     0 | D:1      | Reached XP level 1. HP: 14/14 MP: 1/1
   335 | D:1      | Found a shattered altar of Ashenzari.
   396 | D:1      | Reached XP level 2. HP: 19/19 MP: 2/2
   903 | D:2      | Reached XP level 3. HP: 23/23 MP: 3/3
  1293 | D:2      | Reached XP level 4. HP: 27/28 MP: 4/4
  1485 | D:2      | Reached skill level 3 in Maces & Flails
  2025 | D:3      | Found a glowing drain.
  2052 | Sewer    | Entered a sewer
  2098 | Sewer    | Noticed Purgy
  2108 | Sewer    | Killed Purgy
  2108 | Sewer    | Reached skill level 4 in Maces & Flails
  2108 | Sewer    | Reached XP level 5. HP: 32/33 MP: 5/5
  2590 | D:3      | Reached XP level 6. HP: 38/38 MP: 6/6
  2943 | D:4      | Found a bloodstained altar of Trog.
  3024 | D:4      | Found a sand-covered staircase.
  3039 | Ossuary  | Entered an ossuary
  3071 | Ossuary  | Reached skill level 5 in Maces & Flails
  3384 | Ossuary  | Reached XP level 7. HP: 23/42 MP: 7/7
  3670 | D:4      | Reached skill level 5 in Shields
  3755 | D:4      | Noticed Grinder
  3774 | D:4      | Killed Grinder
  3774 | D:4      | Reached skill level 6 in Maces & Flails
  4065 | D:5      | Entered Level 5 of the Dungeon
  4116 | D:5      | Reached skill level 7 in Maces & Flails
  4116 | D:5      | Reached XP level 8. HP: 34/48 MP: 8/8
  4125 | D:5      | Mangled by an ogre

Skill      XL: |  1  2  3  4  5  6  7 |
---------------+----------------------+-----
Shields        | 4 5 |  5.2
Maces & Flails | 4 5 7 |  7.0
Armour         | 4 |  4.7
Fighting       | 4 |  4.3

Action                   |  1- 3 |  4- 6 |  7- 9 || total
-------------------------+-------+-------+-------++-------
Melee: Spear             |    17 |       |       ||    17
       Flail             |     9 |       |       ||     9
       Mace              |   126 |   239 |    61 ||   426
  Use: Scroll            |     2 |     1 |     4 ||     7
       Potion            |       |     1 |       ||     1
  Eat: Chunk             |     1 |     6 |       ||     7
       Ration            |       |     1 |       ||     1
Armor: Scale mail        |    92 |     2 |       ||    94
       Plate armour      |       |   213 |    76 ||   289
Dodge: Dodged            |    47 |    52 |    22 ||   121
Block: Shield            |    99 |   146 |    49 ||   294
